AoeStats
← SuuSamuraii

Black Forest

510035931Analyzed
2v2 RM · 3d ago on Sep 29, 2026· 70m 10s· 4 players
Game mode
Random Map
Map size
Medium (4 player)
Population
200
Speed
Normal
Resources
Standard
Victory
Conquest
Starting age
Dark Age
Ending age
Imperial Age
RankedLock teamsTeams togetherTeam positionsShared explorationLock speedFull tech treeHidden civsTurbo modeCheats
Victory
Defeat
🇨🇦 Japanese · Canada
785
+14
🇨🇦 Teutons · Canada
765
+15
🇺🇸 Varangians · United States
748
-29
🇺🇸 Huns · United States
744
-14
JOHN CHIMPO6346
1:34 Loom
12:07 Feudal Age
14:49 Horse Collar
14:57 Double-Bit Axe
21:32 Castle Age
20:11 Wheelbarrow
24:15 Forging
24:08 Scale Mail Armor
24:10 Pikeman
28:34 Squires
31:07 Bow Saw
33:43 Gold Mining
33:43 Stone Mining
34:14 Heavy Plow
39:55 Iron Casting
39:11 Fletching
40:11 Chain Mail Armor
42:51 Murder Holes
43:19 Ballistics
43:53 Bodkin Arrow
46:27 Scale Barding Armor
46:40 Bloodlines
46:31 Husbandry
45:56 Light Cavalry
49:41 Chain Barding Armor
50:51 Hand Cart
IshD4ddy
12:21 Feudal Age
10:37 Loom
13:42 Wheelbarrow
13:44 Double-Bit Axe
14:55 Town Watch
15:05 Fishing Lines
16:10 Horse Collar
19:29 Stone Mining
19:32 Gold Mining
24:16 Fletching
24:27 Padded Archer Armor
27:21 Castle Age
29:00 Bodkin Arrow
29:22 Leather Archer Armor
32:27 Gold Shaft Mining
34:34 Imperial Age
32:21 Hand Cart
32:53 Gillnets
34:04 Ballistics
34:43 Bow Saw
35:24 Town Patrol
35:30 Bracer
36:46 Capped Ram
39:03 Thumb Ring
39:04 Heavy Plow
40:08 Parthian Tactics
41:15 Heavy Cavalry Archer
42:33 Conscription
43:46 Siege Ram
45:48 Bloodlines
45:39 Husbandry
47:47 Chemistry
46:43 Murder Holes
46:59 Masonry
49:13 Atheism
56:16 Forging
56:12 Scale Barding Armor
57:43 Iron Casting
57:55 Elite Tarkan
58:51 Marauders
60:52 Blast Furnace
60:13 Chain Barding Armor
60:47 Marauders
60:08 Elite Tarkan
62:01 Two-Man Saw
64:00 Plate Barding Armor
67:54 Light Cavalry
Albast6718
0:28 Loom
13:51 Feudal Age
19:01 Castle Age
21:04 Double-Bit Axe
21:29 Scale Barding Armor
21:23 Gold Mining
21:52 Horse Collar
28:32 Heavy Plow
28:53 Bow Saw
32:10 Fletching
36:02 Wheelbarrow
35:42 Bodkin Arrow
41:53 Imperial Age
41:42 Forging
46:16 Conscription
48:29 Crenellations
49:36 Elite Teutonic Knight
51:08 Scale Mail Armor
56:22 Iron Casting
56:03 Chain Mail Armor
56:09 Hand Cart
57:07 Two-Man Saw
56:23 Caravan
57:13 Squires
56:59 Arson
59:08 Blast Furnace
58:40 Plate Mail Armor
60:37 Cavalier
61:31 Bloodlines
61:44 Chain Barding Armor
63:11 Elite Skirmisher
63:14 Paladin
64:34 Plate Barding Armor
64:00 Padded Archer Armor
65:05 Chemistry
64:27 Ballistics
64:19 Masonry
67:21 Leather Archer Armor
69:44 Ring Archer Armor
SuuSamuraii
7:25 Loom
11:29 Feudal Age
13:00 Double-Bit Axe
18:07 Castle Age
24:49 Fortified Wall
26:02 Wheelbarrow
31:43 Bow Saw
35:19 Horse Collar
36:21 Caravan
36:52 Coinage
36:24 Fletching
39:55 Imperial Age
37:32 Scale Mail Armor
37:59 Gold Mining
38:01 Stone Mining
38:02 Gambesons
38:24 Squires
38:17 Arson
38:50 Masonry
40:47 Forging
40:03 Pikeman
42:16 Conscription
42:43 Iron Casting
42:23 Chain Mail Armor
42:11 Padded Archer Armor
42:14 Murder Holes
42:12 Halberdier
44:59 Blast Furnace
44:04 Elite Skirmisher
44:50 Thumb Ring
45:03 Bodkin Arrow
46:19 Leather Archer Armor
46:35 Plate Mail Armor
46:14 Scale Barding Armor
46:13 Treadmill Crane
48:01 Hand Cart
49:32 Two-Man Saw
48:48 Bracer
49:19 Ring Archer Armor
49:45 Elite Samurai
54:50 Chemistry
57:27 Ballistics
59:51 Kataparuto
59:32 Yasama
60:08 Hoardings
59:26 Fishing Lines
60:59 Chain Barding Armor
60:47 Heavy Plow
64:02 Clinker Construction
64:18 Shipwright
63:49 Guard Tower
63:44 Arrowslits
64:05 Siege Engineers
64:16 Careening
66:02 Town Watch
66:14 Gillnets
Connection lost

Rejoining the realm…

Still unreachable

The connection could not be restored.

Session expired

The server has moved on; the page needs a fresh start.